Map: Prion Terraces

Players

SpaceMarine

  • Race: Protoss Protoss
  • League: Grandmaster

wallfacer (ZhuGeLiang) - Winner!

  • Race: Zerg Zerg
  • League: Master

Event: DreamHack ZOWIE Open Leipzig

VOD

Have the link to the VOD?

Description

Time

  • Played on: Jan. 22, 2016, 7:57 a.m.
  • Length: 8:49

All games in this series

Show
View Real Time Build Order
Export as new Build Order

SpaceMarine Protoss 

Build Orders:  

Get SALT Encoding   

  12  0:01  Probe (Chrono Boost)  
  13  0:11  Probe (Chrono Boost)  
  14  0:17  Pylon  
  14  0:22  Probe (Chrono Boost)  
  16  0:35  Probe (Chrono Boost), Gateway  
  16  0:41  Assimilator  
  16  0:46  Probe (Chrono Boost)  
  17  0:56  Probe (Chrono Boost)  
  18  0:58  Gateway  
  18  1:07  Probe (Chrono Boost)  
  19  1:17  Probe (Chrono Boost)  
  20  1:22  Cybernetics Core  
  20  1:35  Pylon  
  20  1:47  Nexus  
  20  2:00  Adept x2 (Chrono Boost)  
  24  2:03  Probe  
  24  2:05  Warp Gate (Chrono Boost)  
  25  2:11  Assimilator  
  25  2:15  Probe  
  26  2:26  Adept (Chrono Boost)  
  26  2:27  Adept (Chrono Boost)  
  30  2:31  Probe (Chrono Boost)  
  30  2:46  Probe (Chrono Boost)  
  31  2:59  Mothership Core (Chrono Boost)  
  31  3:00  Probe (Chrono Boost)  
  34  3:18  Probe (Chrono Boost)  
  31  3:21  Probe (Chrono Boost), Robotics Facility  
  31  3:22  Gateway  
  32  3:28  Probe (Chrono Boost)  
  32  3:32  Probe (Chrono Boost)  
  34  3:40  Probe (Chrono Boost)  
  35  3:42  Probe (Chrono Boost)  
  35  3:43  Gateway  
  32  3:50  Probe (Chrono Boost)  
  32  3:51  Probe (Chrono Boost)  
  32  3:55  Pylon  
  34  3:58  Twilight Council  
  34  4:02  Probe x2  
  35  4:09  Warp Prism (Chrono Boost)  
  36  4:14  Sentry x2  
  42  4:17  Probe  
  42  4:18  Probe  
  42  4:22  Pylon  
  42  4:23  Assimilator  
  44  4:26  Adept  
  44  4:30  Probe  
  47  4:34  Probe  
  47  4:37  Resonating Glaives (Chrono Boost)  
  48  4:40  Adept x2  
  48  4:42  Probe  
  53  4:46  Probe  
  53  4:48  Zealot  
  56  4:55  Probe  
  56  4:57  Assimilator  
  56  4:58  Probe  
  58  5:07  Probe  
  58  5:11  Dark Shrine  
  58  5:13  Nexus  
  59  5:16  Pylon  
  59  5:26  Probe  
  59  5:27  Probe  
  59  5:35  Pylon  
  59  5:39  Probe x2  
  61  5:47  Zealot x3  
  67  5:51  Probe (Chrono Boost)  
  67  5:52  Probe (Chrono Boost)  
  67  5:55  Pylon  
  63  5:58  Pylon  
  63  6:00  Charge (Chrono Boost)  
  63  6:03  Gateway x2  
  65  6:04  Probe (Chrono Boost)  
  65  6:05  Probe (Chrono Boost), Gateway  
  65  6:15  Probe (Chrono Boost)  
  66  6:20  Pylon x2  
  66  6:21  Probe (Chrono Boost)  
  66  6:24  Dark Templar x3  
  73  6:32  Probe (Chrono Boost)  
  75  6:33  Probe (Chrono Boost)  
  75  6:35  Pylon  
  75  6:37  Pylon  
  75  6:38  Pylon  
  75  6:50  Probe (Chrono Boost)  
  75  6:52  Probe x2 (Chrono Boost)  
  82  7:01  Probe (Chrono Boost)  
  83  7:03  Probe (Chrono Boost)  
  83  7:05  Observer (Chrono Boost)  
  83  7:07  Zealot x2  
  83  7:08  Zealot x4  
  93  7:15  Assimilator  
  93  7:18  Assimilator  
  93  7:24  Immortal (Chrono Boost)  
  93  7:29  Probe  
  98  7:33  Probe  
  98  7:34  Probe  
  98  7:35  Zealot x2  
  98  7:36  Zealot x4  
  102  7:55  Stargate  
  102  7:56  Zealot x2, Stargate  
  102  7:57  Zealot x4  
  114  8:01  Pylon x2  
  114  8:06  Probe x2  
  114  8:24  Stalker x2  
  114  8:25  Stalker x3  
  114  8:26  Mothership Core  
Show
View Real Time Build Order
Export as new Build Order

wallfacer Zerg - Winner!

Build Orders: Hatch First 

Get SALT Encoding   

  12  0:01  Drone  
  13  0:12  Overlord  
  13  0:17  Drone  
  14  0:30  Drone x2  
  14  0:35  Drone  
  17  0:52  Hatchery  
  17  0:54  Drone  
  17  0:57  Drone  
  17  1:00  Extractor  
  17  1:13  Spawning Pool  
  17  1:15  Drone  
  17  1:19  Drone  
  18  1:28  Drone  
  19  1:38  Overlord  
  19  1:51  Drone  
  20  1:59  Queen  
  20  2:01  Zergling x2  
  23  2:04  Queen  
  23  2:05  Metabolic Boost  
  23  2:06  Drone  
  26  2:11  Drone  
  26  2:14  Drone  
  28  2:23  Drone  
  28  2:25  Drone  
  30  2:33  Drone  
  30  2:37  Hatchery  
  30  2:41  Overlord  
  30  2:46  Drone  
  30  2:50  Zergling x2  
  31  2:55  Zergling x2  
  31  2:58  Zergling x2  
  33  3:05  Zergling x2  
  32  3:08  Zergling x6  
  32  3:11  Drone  
  34  3:14  Drone x2  
  34  3:15  Drone  
  34  3:18  Drone  
  35  3:22  Drone  
  35  3:26  Queen  
  36  3:36  Drone x2  
  36  3:46  Drone x2  
  38  3:49  Queen  
  38  3:50  Drone  
  38  3:54  Drone  
  38  3:55  Drone  
  43  4:01  Drone  
  43  4:02  Drone  
  45  4:07  Drone x3  
  48  4:11  Overlord  
  48  4:18  Overlord  
  48  4:19  Drone x2  
  50  4:25  Roach Warren  
  50  4:29  Drone  
  50  4:33  Drone x5  
  50  4:36  Drone x2  
  57  4:42  Lair  
  58  4:45  Drone  
  58  4:46  Drone x3  
  58  4:51  Extractor  
  58  4:52  Zergling x2  
  61  4:53  Zergling x2  
  61  4:55  Spore Crawler  
  61  4:57  Spore Crawler  
  61  4:58  Zergling x2  
  61  4:59  Spore Crawler, Zergling x4  
  62  5:01  Zergling x2  
  62  5:02  Zergling x2  
  64  5:10  Overlord  
  64  5:11  Zergling x4  
  65  5:25  Drone x2  
  65  5:27  Overlord  
  65  5:29  Overlord  
  65  5:30  Drone x9  
  65  5:31  Extractor  
  65  5:33  Extractor  
  65  5:34  Drone  
  65  5:35  Extractor  
  72  5:40  Drone x2  
  73  5:48  Drone x5  
  77  5:52  Overlord  
  77  5:55  Spire  
  76  5:57  Extractor  
  76  5:59  Zergling x4  
  76  6:03  Evolution Chamber, Overlord  
  76  6:05  Overlord  
  76  6:07  Overseer  
  76  6:12  Drone x4  
  76  6:16  Overlord  
  76  6:17  Overlord x2  
  80  6:18  Glial Reconstitution  
  80  6:21  Roach  
  82  6:28  Overseer  
  82  6:29  Hatchery  
  81  6:37  Drone  
  81  6:39  Zergling x8  
  86  6:41  Drone  
  86  6:42  Drone x2  
  87  6:47  Drone, Overlord  
  87  6:48  Overlord  
  87  6:53  Drone  
  88  6:56  Hydralisk Den  
  87  7:05  Overlord  
  87  7:08  Mutalisk x6  
  89  7:09  Overlord  
  89  7:12  Overlord  
  97  7:25  Hydralisk x4, Muscular Augments  
  97  7:29  Overlord  
  104  7:33  Hydralisk x2  
  108  7:41  Roach  
  108  7:42  Roach x6  
  120  7:47  Roach x3  
  121  7:53  Drone x3  
  121  7:57  Hydralisk x3  
  130  7:59  Overseer  
  130  8:06  Roach x4  
  138  8:16  Roach x7  
  152  8:20  Roach  
  152  8:21  Roach  
  152  8:25  Roach x3  
  160  8:28  Zergling x4  

Tags
 
Add a new tag
Caveats
  • Supply blocks, unpowered buildings, or Contaminate may cause inaccurate times.
  • Supply counts are checked every 10 seconds.